 Dungeon Crawl Stone Soup version 0.29-a0-397-g846e4a0bbc (webtiles) character file.

Game seed: 5358206641246751810

21 croobank the Covert (level 2, -1/29 HPs)
             Began as a Gnoll Delver on May 11, 2022.
             Slain by a rat (2 damage)
             ... on level 1 of the Dungeon.
             The game lasted 00:04:28 (473 turns).

croobank the Covert (Gnoll Delver)                   Turns: 473, Time: 00:04:29

Health: -1/29      AC:  3    Str: 11    XL:     2   Next: 87%
Magic:  2/2        EV: 13    Int:  9    God:
Gold:   62         SH:  0    Dex: 13    Spells: 2/2 levels left

rFire   . . .      SeeInvis .   a - +0 hand axe
rCold   . . .      Faith    .   (no shield)
rNeg    . . .      Spirit   .   b - +0 leather armour
rPois   .          Reflect  .   (no helmet)
rElec   .          Harm     .   (no cloak)
rCorr   .          Rampage  .   (no gloves)
Will    .....                   (no boots)
Stlth   ++++......              (no amulet)
HPRegen 0.09/turn               (no ring)
MPRegen 0.08/turn               (no ring)

@: no status effects
A: fangs 1, strong nose, distributed training
a: no special abilities


You were on level 1 of the Dungeon.
You visited 1 branch of the dungeon, and saw 5 of its levels.

You collected 62 gold pieces.

Inventory:

Hand Weapons
 a - a +0 hand axe (weapon)
Armour
 b - a +0 leather armour (worn)
Wands
 g - a wand of digging (1)
Scrolls
 c - a scroll of fog
Potions
 e - a potion of brilliance {unknown}
 f - a potion of berserk rage {unknown}


   Skills:
 + Level 6.5 Fighting
 + Level 0.5 Short Blades
 + Level 0.5 Long Blades
 + Level 4.5 Axes
 + Level 0.5 Maces & Flails
 + Level 0.5 Polearms
 + Level 0.5 Staves
 + Level 0.5 Slings
 + Level 0.5 Bows
 + Level 0.5 Crossbows
 + Level 0.5 Throwing
 + Level 0.5 Armour
 + Level 4.5 Dodging
 + Level 9.5 Stealth
 + Level 0.5 Shields
 + Level 0.5 Unarmed Combat
 + Level 0.5 Spellcasting
 + Level 0.4 Conjurations
 + Level 0.4 Hexes
 + Level 0.4 Summonings
 + Level 0.4 Necromancy
 + Level 0.4 Translocations
 + Level 0.4 Transmutations
 + Level 0.4 Fire Magic
 + Level 0.4 Ice Magic
 + Level 0.4 Air Magic
 + Level 0.4 Earth Magic
 + Level 0.4 Poison Magic
 + Level 0.7 Invocations
 + Level 0.5 Evocations


You had 2 spell levels left.
You didn't know any spells.
Your spell library contained the following spells:

 Spells                   Type           Power      Damage    Failure   Level
 Apportation              Tloc           0%         N/A       41%         1
 Alistair's Intoxication  Tmut/Pois      0%         N/A       100%        5


Dungeon Overview and Level Annotations

Branches:
Dungeon (5/15)             Temple (0/1) D:5

Altars:

Annotations:
D:5 Dowan, Duvessa


Innate Abilities, Weirdness & Mutations

You have very sharp teeth.
Your uncanny sense of smell can sniff out nearby items.
Your experience applies equally to all skills.


Message History

The goblin is moderately wounded.
You hit the frilled lizard but do no damage.
You closely miss the goblin. The frilled lizard bites you.
The goblin closely misses you.
You hit the goblin.
You kill the goblin!
You hit the endoplasm but do no damage. You hit the hobgoblin.
You miss the frilled lizard. You barely miss the goblin.
The goblin barely misses you. The hobgoblin barely misses you.
The frilled lizard barely misses you. The endoplasm closely misses you.
You barely miss the hobgoblin.
The hobgoblin is severely wounded.
You hit the frilled lizard.
You kill the frilled lizard!
You hit the goblin.
You kill the goblin!
You hit the endoplasm. The hobgoblin hits you. The endoplasm hits you.
You closely miss the rat. You barely miss the endoplasm. You hit the hobgoblin.
You kill the hobgoblin!
You hit the goblin but do no damage. The rat bites you but does no damage.
The endoplasm barely misses you. The goblin closely misses you.
You hit the endoplasm.
The endoplasm is almost dead.
You closely miss the goblin. You barely miss the rat.
The rat bites you but does no damage. The endoplasm freezes you.
You are frozen.
The goblin hits you with a +0 club.
* * * LOW HITPOINT WARNING * * *
You barely miss the endoplasm.
The endoplasm is almost dead.
You closely miss the rat. You completely miss the goblin.
The rat closely misses you. The endoplasm freezes you.
You are frozen.
* * * LOW HITPOINT WARNING * * *
The goblin hits you with a +0 club.
* * * LOW HITPOINT WARNING * * *
You are too injured to fight recklessly!
It was a potion of cancellation.
You feel magically purged. The rat bites you.
You die...

.##.#....
....... ...... .
..... .. ∆ ...#
... #..# ....
#..# .....
...##.J##......
#......r@.......
#......))g......
#...............
#.......:...####
#...........#
#...........#
#............
#############


You could see an endoplasm, a goblin and a rat.

Vanquished Creatures
  3 endoplasms
  A giant cockroach (D:3)
  2 hobgoblins
  3 jackals (D:4)
  2 training dummies (D:5)
  2 bats
  A frilled lizard (D:1)
  2 goblins (D:1)
  2 kobolds (D:2)
18 creatures vanquished.

Notes
Turn   | Place    | Note
-------+----------+-------------------------------------------
     0 | D:5      | Reached skill level 9 in Stealth
     0 | D:5      | croobank the Gnoll Delver began the quest for the Orb.
     0 | D:5      | Reached XP level 1. HP: 23/23 MP: 1/1
    37 | D:5      | Noticed Duvessa
    37 | D:5      | Noticed Dowan
    87 | D:5      | Noticed an ogre
    89 | D:5      | Noticed a water moccasin
   104 | D:5      | Noticed a black bear
   122 | D:4      | Reached XP level 2. HP: 29/29 MP: 2/2
   472 | D:1      | HP: 1/29 [goblin/+0 club (2)]
   473 | D:1      | Slain by a rat

Illustrated notes

Levels and vault maps discovered:
D:1:      dpeg_arrival_shrine, layout_basic, minmay_misc_feat_enclosed
D:2:      layout_rooms, shapermc_ecumenical_altar_ellora, uniq_natasha
D:3:      layout_loops_ring, overflow_temple_1_default, serial_shops,
          nicolae_shop_behind_doors
D:4:      cheibrodos_quashed, layout_cave_pools, marbit_many_paths
D:5:      dreamdust_elfheim, layout_cave_pools,
          mainiacjoe_overflow_divided_tiny, minmay_temple_entry_waves,
          nicolae_sextant, kennysheep_small_square, uniq_duvessa

Skill      XL: | |
---------------+-+-----
Stealth        | |  9.5
Fighting       | |  6.5
Short Blades   | |  0.5
Long Blades    | |  0.5
Axes           | |  4.5
Maces & Flails | |  0.5
Polearms       | |  0.5
Staves         | |  0.5
Slings         | |  0.5
Bows           | |  0.5
Crossbows      | |  0.5
Throwing       | |  0.5
Armour         | |  0.5
Dodging        | |  4.5
Shields        | |  0.5
Unarmed Combat | |  0.5
Spellcasting   | |  0.5
Conjurations   | |  0.4
Hexes          | |  0.4
Summonings     | |  0.4
Necromancy     | |  0.4
Translocations | |  0.4
Transmutations | |  0.4
Fire Magic     | |  0.4
Ice Magic      | |  0.4
Air Magic      | |  0.4
Earth Magic    | |  0.4
Poison Magic   | |  0.4
Invocations    | |  0.7
Evocations     | |  0.5

Action                   || total
-------------------------++-------
Melee: Hand axe          ||    40
       Bite              ||     4
Evoke: Wand              ||     2
  Use: Scroll            ||     2
       Potion            ||     2
 Stab: Sleeping          ||     3
Armor: Leather armour    ||     6
Dodge: Dodged            ||    28

Table legend: (Time is in decaauts)
 A = Elapsed time spent in this place.
 B = Non-inter-level travel time spent in this place.
 C = Inter-level travel time spent in this place.
 D = Time resting spent in this place.
 E = Time spent auto-exploring this place.
 F = Levels seen in this place.
 G = Mean time per level.
                   A        B        C        D        E       F      G
               +--------+--------+--------+--------+--------+-----+--------+
         Total |    456 |    456 |      0 |    155 |     24 |   5 |   91.2 |
       Dungeon |    456 |    456 |      0 |    155 |     24 |   5 |   91.2 |
               +--------+--------+--------+--------+--------+-----+--------+

Top non-repeatable levels by time:
     D:4: 182 daAuts
     D:5: 117 daAuts
     D:2: 102 daAuts
     D:3: 41 daAuts
     D:1: 12 daAuts
